 Dungeon Crawl Stone Soup version 0.31-a0-259-g771a54ca4b (webtiles) character file.

Game seed: 16086892336094964802

220 qw the Shooter (level 5, 0/45 HPs)
             Began as a Minotaur Hexslinger on July 13, 2023.
             Slain by an orc wizard
             ... wielding a +0 dagger
              (3 damage)
             ... on level 4 of the Dungeon.
             The game lasted 00:01:02 (3360 turns).

qw the Shooter (Minotaur Hexslinger)                Turns: 3360, Time: 00:01:02

Health: 0/45       AC:  5    Str: 13    XL:     5   Next: 64%
Magic:  5/5        EV: 11    Int: 10    God:
Gold:   223        SH:  0    Dex: 14    Spells: 5/6 levels left

rFire   . . .        Y - +1 sling
rCold   . . .        (no shield)
rNeg    . . .        c - +0 ring mail
rPois   .            (helmet restricted)
rElec   .            (no cloak)
rCorr   .            (no gloves)
SInv    .            (no boots)
Will    .....        (no amulet)
Stlth   +            (no ring)
HPRegen 0.27/turn    (no ring)
MPRegen 0.09/turn

%: no passive effects
@: lethally poisoned (0 -> -1)
A: horns 2, retaliatory headbutt
a: no special abilities


You were on level 4 of the Dungeon.
You visited 1 branch of the dungeon, and saw 4 of its levels.

You collected 223 gold pieces.


Innate Abilities, Weirdness & Mutations

You have a pair of horns on your head.
You reflexively headbutt those who attack you in melee.


   Skills:
 - Level 3.0 Fighting
 + Level 5.9 Ranged Weapons
 - Level 1.0 Armour
 - Level 2.1 Dodging
 - Level 1.0 Spellcasting
 - Level 2.0 Hexes


You had 5 spell levels left.
You knew the following spells:

 Your Spells              Type           Power      Damage    Failure   Level
a - Slow                  Hex            16%        N/A       32%         1

Your spell library contained the following spells:

 Spells                   Type           Power      Damage    Failure   Level
 Inner Flame              Hex/Fire       2%         N/A       82%         3
 Portal Projectile        Hex/Tloc       4%         N/A       82%         3
 Cause Fear               Hex            2%         N/A       97%         4

Inventory:

Hand Weapons
 Y - a +1 sling (weapon)
Armour
 c - a +0 ring mail (worn)
Jewellery
 b - a ring of protection from fire
Scrolls
 d - a scroll of identify
Potions
 a - a potion of might {unknown}

Dungeon Overview and Level Annotations

Branches:
Dungeon (4/15)
 Temple: D:4-7

Altars:
Dithmenos


Message History

The scorpion barely misses you.
You shoot a sling bullet.
The sling bullet hits the scorpion but does no damage.
The scorpion is heavily wounded.
The scorpion stings you but does no damage.
The scorpion barely misses you.
You shoot a sling bullet. The sling bullet hits the scorpion.
The scorpion is severely wounded.
The scorpion stings you.
You shoot a sling bullet.
The sling bullet closely misses the scorpion.
The scorpion barely misses you. The scorpion closely misses you.
You shoot a sling bullet.
The sling bullet closely misses the scorpion.
The scorpion stings you.
You are poisoned.
The scorpion poisons you!
You shoot a sling bullet.
The sling bullet hits the scorpion but does no damage.
The scorpion is severely wounded.
You feel very sick. The scorpion stings you. x2
You shoot a sling bullet.
The sling bullet completely misses the scorpion.
You feel sick.
The scorpion stings you but does no damage.
You shoot a sling bullet. The sling bullet hits the scorpion.
You kill the scorpion!
You feel sick.
The kobold throws a stone.
The stone closely misses you.
You shoot a sling bullet.
You feel sick.
You hear some strange, mumbled words.
A puff of flame appears from out of thin air!
The puff of flame hits you!
The kobold throws a stone.
Something hits you but does no damage.
You shoot a sling bullet.
You feel sick.
An orc wizard appears from thin air!
Reactivating autopickup.
The orc wizard hits you with a +0 dagger.
You die...

# #........#.## #
##########.# # #.# #####
##'## ....# ##...##
###.# ##.....## ##..#
#.......## #
#...####.........#.##...
.......+........@oK.....
#...####.........#.##...
##.## ##.......## o. #.#
##.....## ... #.#
##...## ..# #.# ##+# #.
#.# #.# #.# #.# #.#
##.## .


You could see an orc wizard, an orc and a kobold.

Vanquished Creatures
  A scorpion (D:4)
  A gnoll (D:1)
  8 adders
  2 ufetubi (D:4)
  5 dart slugs
  2 orcs (D:3)
  A ball python (D:2)
  5 endoplasms
  5 giant cockroaches
  4 goblins
  5 hobgoblins
  3 quokkas
  7 bats
  3 frilled lizards (D:2)
  5 kobolds
  4 rats
61 creatures vanquished.

Notes
Turn   | Place    | Note
-------+----------+-------------------------------------------
     0 | D:1      | qw the Minotaur Hexslinger began the quest for the Orb.
     0 | D:1      | Reached XP level 1. HP: 16/16 MP: 1/1
     0 | D:1      | 0 ||| qw: Version: 0.3-a-52-g30416fa
     0 | D:1      | 0 ||| qw: Game counter: 6905
     0 | D:1      | 0 ||| qw: Melee chars always use a shield: true
     0 | D:1      | 0 ||| qw: God list: Okawaru
     0 | D:1      | 0 ||| qw: Allow faded altars: false
     0 | D:1      | 0 ||| qw: Do Orc after clearing Dungeon:15 true
     0 | D:1      | 0 ||| qw: Do second Lair branch before Depths: true
     0 | D:1      | 0 ||| qw: Lair rune preference: random
     0 | D:1      | 0 ||| qw: Goals: Normal
     0 | D:1      | 0 ||| PLANNING D:1-11
   445 | D:1      | Reached skill level 3 in Ranged Weapons
   522 | D:1      | Reached XP level 2. HP: 23/23 MP: 2/2
   561 | D:1      | Found a faded altar of an unknown god.
   782 | D:1      | HP: 1/23 [gnoll/+0 flail (6)]
  1111 | D:1      | 1111 ||| UPGRADING to +0 leather armour.
  1121 | D:1      | 1121 ||| DROPPING +0 robe.
  1122 | D:1      | 1122 ||| READING scroll labelled IFAIQA YCSAET.
  1123 | D:1      | 1123 ||| DRINKING 2 glowing white potions.
  1124 | D:1      | 1124 ||| DROPPING scroll of poison.
  1125 | D:1      | 1125 ||| DROPPING potion of attraction.
  1174 | D:2      | 1174 ||| STAIRDANCE
  1188 | D:2      | 1188 ||| STAIRDANCE
  1249 | D:2      | Reached XP level 3. HP: 30/30 MP: 3/3
  1292 | D:2      | 1292 ||| Stepping ~*~*~tactically~*~*~ (outnumbered).
  1338 | D:2      | Reached skill level 4 in Ranged Weapons
  1458 | D:2      | 1458 ||| Stepping ~*~*~tactically~*~*~ (outnumbered).
  1460 | D:2      | 1460 ||| Stepping ~*~*~tactically~*~*~ (outnumbered).
  1462 | D:2      | 1462 ||| Stepping ~*~*~tactically~*~*~ (outnumbered).
  1464 | D:2      | 1464 ||| Stepping ~*~*~tactically~*~*~ (outnumbered).
  1557 | D:2      | Reached XP level 4. HP: 37/37 MP: 4/4
  1900 | D:2      | 1900 ||| READING scroll labelled DEIQOUM POUTA.
  2001 | D:2      | 2001 ||| READING scroll labelled WEHEUG PUNOFEME.
  2002 | D:2      | 2002 ||| DRINKING 2 lumpy sapphire potions.
  2055 | D:2      | 2055 ||| DROPPING potion of lignification.
  2166 | D:3      | Reached skill level 5 in Ranged Weapons
  2773 | D:3      | 2773 ||| UPGRADING to +0 ring mail.
  2783 | D:3      | 2783 ||| DROPPING +0 leather armour.
  2784 | D:3      | 2784 ||| DRINKING 2 murky cyan potions.
  2785 | D:3      | 2785 ||| DROPPING potion of invisibility.
  2986 | D:4      | Found a shadowy altar of Dithmenos.
  2998 | D:4      | Reached skill level 1 in Armour
  2998 | D:4      | Reached XP level 5. HP: 44/44 MP: 5/5
  3106 | D:4      | Reached skill level 3 in Fighting
  3359 | D:4      | HP: 11/45 [poisoned by a scorpion]
  3359 | D:4      | HP: 4/45 [something/puff of flame (7)]
  3360 | D:4      | Slain by an orc wizard

Levels and vault maps discovered:
D:1:      dpeg_chamrin_arrival_tetris, layout_loops_corners, serial_forest,
          infiniplex_forest_clump_medium, infiniplex_forest_side_room,
          infiniplex_forest_lined_ring, infiniplex_forest_end_1,
          infiniplex_forest_lined_3, infiniplex_forest_lined_room_2,
          ebering_ecumenical_altar_webs
D:2:      layout_basic, chequers_jeans, dk_noncrumbling_4,
          minmay_misc_feat_alley, corexii_shack, minivault_25
D:3:      layout_basic
D:4:      layout_loops_corners, mainiacjoe_overflow_tiny_flanked,
          minmay_temple_entry_mini_moons, minmay_misc_feat_more_columns,
          hangedman_decor_slide_cut

Skill      XL: |  1  2  3  4  5 |
---------------+----------------+-----
Ranged Weapons | 3 4 5 |  5.9
Fighting       | 2 3 |  3.0
Armour         | 1 |  1.0
Dodging        | |  2.1
Spellcasting   | |  1.0
Hexes          | |  2.0

Action                     |  1- 3 |  4- 6 || total
---------------------------+-------+-------++-------
   Fire: Sling             |    96 |   133 ||   229
    Use: Scroll            |     1 |     2 ||     3
         Potion            |     1 |     2 ||     3
 Armour: Robe              |     5 |       ||     5
         Leather armour    |     9 |     5 ||    14
         Ring mail         |       |    19 ||    19
  Dodge: Dodged            |    36 |    43 ||    79

Table legend:
 A = Non-vault XP
 B = Vault XP
 C = Vault XP percentage of total XP
 D = Non-vault monster count
 E = Vault monster count
 F = Vault count percentage of total count
                 A         B        C        D         E       F
            +---------+---------+-------+---------+---------+-------
      Total |     315 |       0 |   0.0 |      61 |       0 |   0.0
            +---------+---------+-------+---------+---------+-------
        D:1 |      36 |       0 |   0.0 |      13 |       0 |   0.0
        D:2 |     109 |       0 |   0.0 |      24 |       0 |   0.0
        D:3 |      40 |       0 |   0.0 |      15 |       0 |   0.0
        D:4 |     130 |       0 |   0.0 |       9 |       0 |   0.0
            +---------+---------+-------+---------+---------+-------
